AoeStats
← Cruzcerro3

MegaRandom

507482539Analyzed
2v2 RM · 13d ago on Sep 18, 2026· 16m 50s· 4 players
Game mode
Random Map
Map size
Medium (4 player)
Population
200
Speed
Normal
Resources
Standard
Victory
Conquest
Starting age
Dark Age
Ending age
Imperial Age
RankedLock teamsTeams togetherTeam positionsShared explorationLock speedFull tech treeHidden civsTurbo modeCheats
Victory
Defeat
🇪🇸 Chinese · Spain
773
+18
🇪🇸 Khitans · Spain
773
+18
🇬🇧 Persians · United Kingdom
826
-19
🇦🇿 Maya · Azerbaijan
797
-17
Vladika_astadb
Olimar
9:39 Feudal Age
Cruzcerro3
0:29 Loom
13:52 Feudal Age
15:26 Horse Collar
16:31 Town Watch
16:53 Double-Bit Axe
17:52 Wheelbarrow
Selu
5:23 Loom
Connection lost

Rejoining the realm…

Still unreachable

The connection could not be restored.

Session expired

The server has moved on; the page needs a fresh start.